 Dungeon Crawl Stone Soup version 0.26-a0-519-gb2f46efeda (webtiles) character file.

Game seed: 8799047650043256667

2188 ReteAZ the Basher (level 9, -2/55 HPs)
             Began as a Human Chaos Knight on Aug 11, 2020.
             Was a Plaything of Xom.
             Shot with an arrow by a centaur (11 damage)
             ... on level 6 of the Dungeon.
             The game lasted 00:08:14 (6800 turns).

ReteAZ the Basher (Human Chaos Knight)              Turns: 6800, Time: 00:08:14

Health: -2/55      AC:  7    Str: 13    XL:     9   Next: 59%
Magic:  9/9        EV: 14    Int: 12    God:    Xom [.*....]
Gold:   355        SH:  0    Dex: 14    Spells: 8/8 levels left

rFire    + . .     SeeInvis .   a - +0 mace (chaos)
rCold    . . .     Faith    +   (no shield)
rNeg     . . .     Spirit   .   b - +2 leather armour
rPois    .         Reflect  .   n - +0 helmet
rElec    .         Harm     .   (no cloak)
rCorr    .                      (no gloves)
MR       .....                  (no boots)
Stlth    ..........             l - amulet of faith
HPRegen  0.18/turn              u - ring of attention (curse)
MPRegen  0.11/turn              j - ring of protection from fire

@: no status effects
A: claws 1, talons 1, frail 2, weak 1
a: Renounce Religion


You were on level 6 of the Dungeon.
You worshipped Xom.
You were a plaything of Xom.
You visited 1 branch of the dungeon, and saw 6 of its levels.
You also visited: Sewer.

You collected 355 gold pieces.

Inventory:

Hand Weapons
 a - a +0 mace of chaos (weapon)
Missiles
 t - 14 poisoned darts (quivered)
Armour
 b - a +2 leather armour (worn)
 n - a +0 helmet (worn)
 p - a +0 plate armour
Jewellery
 g - an uncursed ring of ice
 j - a ring of protection from fire (right claw)
 l - an amulet of faith (around neck)
 r - an uncursed ring of positive energy {unknown}
 s - an uncursed ring of flight
 u - a cursed ring of attention (left claw)
 w - a cursed ring of teleportation {unknown}
Scrolls
 c - a scroll of remove curse {unknown}
 e - 3 scrolls of fear
 i - 6 scrolls of identify
 k - 2 scrolls of enchant armour {unknown}
 o - 3 scrolls of teleportation
 q - a scroll of magic mapping
 v - a scroll of blinking {unknown}
Potions
 d - 3 potions of curing
 f - a potion of berserk rage {unknown}
 h - a potion of flight {unknown}
 m - a potion of heal wounds
 x - a potion of degeneration {unknown}


   Skills:
 + Level 6.2 Fighting
 * Level 8.3 Maces & Flails
 + Level 5.6 Armour
 + Level 5.3 Dodging


You had 8 spell levels left.
You didn't know any spells.
Your spell library was empty.

Dungeon Overview and Level Annotations

Branches:
Dungeon (6/15)             Temple (0/1) D:5           Sewer (visited)

Altars:
Cheibriados
Fedhas
Hepliaklqana
Nemelex Xobeh
Okawaru
The Shining One

Shops:
D:4 *


Innate Abilities, Weirdness & Mutations

You have sharp fingernails.
You have sharp toenails.
You are very frail. (-20% HP)
You are weak. (Str -2)


Message History

Okay, then.
A centaur comes into view.
The centaur shouts!
The centaur wields a +0 shortbow.
The centaur shoots an arrow.
The arrow misses you.
You see here an arrow.
The bullfrog completely misses you.
The centaur shoots an arrow.
The arrow misses you. The bullfrog closely misses you.
Things that are here:
an arrow; 5 gold pieces The centaur shoots an arrow.
The arrow hits you!
* * * LOW HITPOINT WARNING * * *
You see here an arrow.
The bullfrog closely misses you.
The orc wizard points at you and mumbles some strange words.
The puff of flame hits you. You resist.
* * * LOW HITPOINT WARNING * * *
The centaur shoots an arrow.
The arrow hits you!
You die...
Xom roars with laughter!

.o....o.....# #
...#####o..## #
#..O..#### ##
#..#...#.#
....#####..#..O..## .
.......#....##(..$#.#
.
..5..#.....##F5.......
.
..O.<......#..#.......
#..........@.###......
#.......>.>....##.....
..#.......#.........c.
#............#........
#...........##....c..#
##..........##.##..
#.#...............
#...?.........
.............


You could see an ogre, a bullfrog, a centaur, an orc wizard and a shadow imp.

Vanquished Creatures
  A two-headed ogre (D:5)
  A sky beast (D:5)
  A phantom (D:4)
  2 ogres (D:4)
  4 big kobolds (Sewer)
  A bullfrog (D:3)
  3 scorpions
  A jelly (D:5)
  2 centaur zombies
  An orc priest (D:4)
  2 orc wizards (D:5)
  A bullfrog skeleton (D:4)
  A centaur skeleton (D:5)
  2 iguanas (D:5)
  3 worker ants
  A hound skeleton (D:4)
  Robin (D:2)
  8 adders
  2 river rats (Sewer)
  An ooze (Sewer)
  2 adder skeletons (D:4)
  An adder zombie (D:5)
  4 worms
  A dart slug (D:1)
  3 leopard geckos
  6 orcs
  7 ball pythons
  13 giant cockroaches
  16 goblins
  8 hobgoblins
  9 jackals
  17 kobolds
  8 bats
  4 frilled lizards
  A jackal skeleton (D:4)
  18 rats
157 creatures vanquished.

Vanquished Creatures (collateral kills)
  A necrophage (D:6)
  A wyvern skeleton (D:4)
  An orc wizard (D:4)
  An orc (D:4)
  A giant cockroach (D:4)
  2 jackals (D:4)
7 creatures vanquished.

Vanquished Creatures (others)
  A giant cockroach (D:4)
1 creature vanquished.

Grand Total: 165 creatures vanquished

Notes
Turn   | Place    | Note
-------+----------+-------------------------------------------
     0 | D:1      | ReteAZ the Human Chaos Knight began the quest for the Orb.
     0 | D:1      | Reached XP level 1. HP: 18/18 MP: 1/1
   179 | D:1      | Reached XP level 2. HP: 24/24 MP: 2/2
   404 | D:1      | Reached XP level 3. HP: 27/29 MP: 3/3
   426 | D:1      | XOM: swap monsters
  1053 | D:2      | Reached XP level 4. HP: 35/35 MP: 4/4
  1156 | D:2      | XOM: 5-stop teleportation journey
  1157 | D:2      | Noticed Robin
  1158 | D:2      | Killed Robin
  1180 | D:2      | Reached skill level 4 in Maces & Flails
  1443 | D:2      | XOM: scenery: summon butterflies
  1667 | D:2      | XOM: potion effect (heal wounds)
  1674 | D:2      | Reached XP level 5. HP: 26/41 MP: 5/5
  1731 | D:2      | XOM: silly message
  2285 | D:3      | You fall into a shaft and drop 1 floor!
  2286 | D:4      | Noticed a phantom
  2286 | D:4      | Noticed an ogre
  2294 | D:4      | XOM: swap monsters
  2349 | D:3      | Found a glowing drain.
  2349 | D:3      | XOM: 2-stop teleportation journey
  2355 | Sewer    | Entered a sewer
  2799 | Sewer    | Noticed a big kobold
  2803 | Sewer    | Noticed a big kobold
  2803 | Sewer    | XOM: silly message
  2807 | Sewer    | XOM: cast spell 'Cause Fear'
  2835 | Sewer    | Killed a big kobold
  2835 | Sewer    | Reached XP level 6. HP: 47/48 MP: 6/6
  2851 | Sewer    | XOM: divination: detect creatures
  3358 | Sewer    | Reached skill level 5 in Maces & Flails
  3459 | Sewer    | XOM: silly message
  3462 | Sewer    | XOM: fog
  3465 | Sewer    | XOM: enchant monster (bad)
  3469 | Sewer    | Reached XP level 7. HP: 54/54 MP: 7/7
  3576 | Sewer    | XOM: silly message
  3708 | D:3      | XOM: give mutations
  3708 | D:3      | Gained mutation: You are resistant to hostile enchantments.
                  | (MR+) [Xom's mischief]
  3708 | D:3      | Lost mutation: You are resistant to hostile enchantments.
                  | (MR+) [Xom's mischief]
  3708 | D:3      | Gained mutation: You are weak. (Str -2) [Xom's mischief]
  3708 | D:3      | Gained mutation: Your mind is acute. (Int +2) [Xom's
                  | mischief]
  3836 | D:3      | Found a glowing golden altar of the Shining One.
  4106 | D:3      | Found an iron altar of Okawaru.
  4121 | D:3      | XOM: give mutation
  4121 | D:3      | Lost mutation: Your mind is acute. (Int +2) [Xom's
                  | mischief]
  4523 | D:4      | XOM: enchant monster (bad)
  4589 | D:4      | Reached skill level 6 in Maces & Flails
  4589 | D:4      | Reached XP level 8. HP: 39/61 MP: 8/8
  4607 | D:4      | XOM: swap monsters
  4807 | D:3      | XOM: noise
  4896 | D:4      | XOM: cast spell 'Summon Horrible Things'
  4903 | D:4      | Reached skill level 5 in Fighting
  4992 | D:4      | Found a snail-covered altar of Cheibriados.
  5126 | D:4      | Found Irghew's Lightly-Used Armoury.
  5144 | D:4      | XOM: summons friendly iron imp
  5145 | D:4      | XOM: summons 1 hostile demon
  5180 | D:4      | XOM: polymorph iron imp -> white imp
  5193 | D:4      | XOM: silly message
  5407 | D:4      | XOM: give mutations
  5407 | D:4      | Gained mutation: You have sharp toenails. [Xom's mischief]
  5407 | D:4      | Gained mutation: You are frail. (-10% HP) [Xom's mischief]
  5407 | D:4      | Gained mutation: You are very frail. (-20% HP) [Xom's
                  | mischief]
  5407 | D:4      | Gained mutation: You have sharp fingernails. [Xom's
                  | mischief]
  5424 | D:5      | Entered Level 5 of the Dungeon
  5434 | D:5      | XOM: smoke on damage
  5605 | D:5      | Found a blossoming altar of Fedhas.
  5612 | D:5      | XOM: 3-stop teleportation journey
  5614 | D:5      | XOM: potion effect (invisibility)
  5617 | D:5      | Reached skill level 7 in Maces & Flails
  5620 | D:5      | XOM: potion effect (might)
  5776 | D:5      | Found a staircase to the Ecumenical Temple.
  5902 | D:5      | XOM: noise
  6063 | D:5      | Reached XP level 9. HP: 43/54 MP: 9/9
  6144 | D:5      | Reached skill level 5 in Armour
  6176 | D:5      | XOM: noise
  6274 | D:5      | Found a sparkling altar of Nemelex Xobeh.
  6274 | D:5      | Found a hazy altar of Hepliaklqana.
  6310 | D:5      | Noticed a two-headed ogre
  6319 | D:5      | XOM: confuse monster(s)
  6321 | D:5      | Killed a two-headed ogre
  6321 | D:5      | Reached skill level 8 in Maces & Flails
  6321 | D:5      | Reached skill level 5 in Dodging
  6652 | D:5      | XOM: divination: detect items
  6720 | D:6      | XOM: summons friendly shadow imp
  6760 | D:6      | XOM: confuse monster(s)
  6768 | D:6      | XOM: polymorph bullfrog -> warg
  6770 | D:6      | XOM: noise
  6778 | D:6      | XOM: smoke on damage
  6782 | D:6      | HP: 1/55 [warg (9)]
  6783 | D:6      | XOM: 3-stop teleportation journey
  6800 | D:6      | Shot with an arrow by a centaur

Illustrated notes

Levels and vault maps discovered:
D:1:      dpeg_arrival_rooms_with_view, layout_basic
D:2:      layout_loops_cross, uniq_robin
D:3:      layout_loops_corners, okawaru_metal_pillars_1_2, lemuel_round_altar,
          gup_sewer_entry_bubbles
D:4:      layout_rooms, lemuel_round_altar, chequers_avenue,
          minmay_shop_damaged, chequers_serial_rivers_micro_b
D:5:      layout_basic, gammafunk_temple_overflow_wave,
          minmay_temple_entry_junction, fedhas_altar_2
D:6:      layout_cave_pools, nicolae_dithmenos_through_a_glass_darkly,
          kennysheep_mini_moat, grunt_qazlal_clouds, serial_column_ruins,
          column_ruins_hut, column_ruins_hut, column_ruins_grid_4,
          column_ruins_columns_straight, column_ruins_grid_1,
          column_ruins_open_small, column_ruins_grid_3,
          column_ruins_columns_straight, serial_shops, shop,
          minmay_guarded_unrand_staff_of_olgreb

Skill      XL: |  1  2  3  4  5  6  7  8  9 |
---------------+----------------------------+-----
Dodging        | 2 3 4 5 |  5.3
Maces & Flails | 4 5 6 7 8 |  8.3
Armour         | 3 4 5 |  5.6
Fighting       | 4 5 6 |  6.2

Action                   |  1- 3 |  4- 6 |  7- 9 || total
-------------------------+-------+-------+-------++-------
Melee: Mace              |   119 |   196 |   311 ||   626
       Kick              |       |       |    30 ||    30
Throw: Dart              |       |       |     2 ||     2
       Throwing net      |       |       |     1 ||     1
  Use: Scroll            |       |       |     7 ||     7
       Potion            |       |       |     4 ||     4
 Stab: Sleeping          |     2 |     2 |       ||     4
       Petrifying        |     1 |     1 |       ||     2
       Paralysed         |       |       |     1 ||     1
       Invisible         |       |       |     2 ||     2
       Held in net/web   |       |       |     1 ||     1
Armor: Leather armour    |    57 |    70 |    83 ||   210
Dodge: Dodged            |    90 |   134 |   227 ||   451

Table legend: (Time is in decaauts)
 A = Elapsed time spent in this place.
 B = Non-inter-level travel time spent in this place.
 C = Inter-level travel time spent in this place.
 D = Time resting spent in this place.
 E = Time spent auto-exploring this place.
 F = Levels seen in this place.
 G = Mean time per level.
                   A        B        C        D        E       F      G
               +--------+--------+--------+--------+--------+-----+--------+
         Total |   7061 |   6904 |    157 |    578 |   4844 |   7 | 1008.7 |
       Dungeon |   5549 |   5392 |    157 |    406 |   3876 |   6 |  924.8 |
         Sewer |   1511 |   1511 |      0 |    172 |    968 |   1 | 1511.0 |
               +--------+--------+--------+--------+--------+-----+--------+

Top non-repeatable levels by time:
   Sewer: 1511 daAuts
     D:5: 1291 daAuts
     D:2: 1189 daAuts
     D:1: 1078 daAuts
     D:3: 1057 daAuts
     D:4: 844 daAuts
     D:6: 87 daAuts
